 Dungeon Crawl Stone Soup version 0.30-a0-779-g7971cf19c3 (webtiles) character file.

Game seed: 17214024298281187752

122800 voltaire321 the Imperceptible (level 16, -2/114 HPs)
             Began as an Octopode Brigand on Feb 18, 2023.
             Was a High Priest of Nemelex Xobeh.
             Slain by a spriggan rider
             ... wielding a +0 spear
              (20 damage)
             ... on level 2 of the Swamp.
             The game lasted 01:52:48 (30087 turns).

voltaire321 the Imperceptible (Octopode Brigand)   Turns: 30087, Time: 01:52:49

Health: -2/114     AC: 10    Str: 18    XL:     16   Next: 88%
Magic:  0/23       EV: 29    Int: 21    God:    Nemelex Xobeh [*****.]
Gold:   573        SH: 21    Dex: 29    Spells: 13/25 levels left

rFire   + + +      SeeInvis +    Z - +5 rapier "Hydrabane" {vamp, Stlth+}
rCold   . . .      Faith    .    Y - +0 kite shield {reflect}
rNeg    . . .      Spirit   +    D - +1 hat
rPois   +          Reflect  +    L - brooch of Shielding {Spirit SH+8}
rElec   .          Harm     .    t - ring "Ijiamp" {rF+ rCorr Str+7 Dex-5 SInv}
rCorr   +          Rampage  .    W - ring "Bomesavo" {rF++ EV+5 Int+3}
Will    +....                    p - +4 ring of protection Stlth *+++++++++
                                 s - +6 ring of dexterity
HPRegen 0.39/turn                R - +6 ring of dexterity
MPRegen 0.18/turn                O - ring of poison resistance
                                 U - +4 ring of protection
                                 E - +6 ring of dexterity

@: studying Stealth
A: almost no armour, amphibious, 8 rings, camouflage 1, gelatinous body 1,
(nimble swimmer 1), tentacles
a: Renounce Religion, Draw Escape, Draw Destruction, Draw Summoning, Triple
Draw, Deal Four, Stack Five


You were on level 2 of the Swamp.
You worshipped Nemelex Xobeh.
Nemelex Xobeh was extremely pleased with you.
You visited 5 branches of the dungeon, and saw 25 of its levels.

You collected 3208 gold pieces.
You spent 2635 gold pieces at shops.

Inventory:

Hand Weapons
 h - a +1 rapier of venom
 y - a +4 short sword
 Z - the +5 rapier "Hydrabane" (weapon) {vamp, Stlth+}
   (You found it on level 5 of the Lair of Beasts)

   Stlth:     It makes you more stealthy.
Missiles
 b - 12 poisoned darts
 c - 11 curare-tipped darts (quivered)
 v - 9 javelins
 M - 19 boomerangs
Armour
 D - a +1 hat (worn)
 Y - a +0 kite shield of reflection (worn)
Jewellery
 k - a ring of positive energy
 l - a ring of protection from fire
 m - the amulet of the Sky {Spirit Rampage rC+ Dex+3}
   (You bought it in a shop on level 2 of the Orcish Mines)

   [amulet of guardian spirit]

   It causes incoming damage to be divided between your reserves of health and
   magic.
   Dex:       It affects your dexterity (+3).
   rC:        It protects you from cold.
   Rampage:   It bestows one free step when moving towards enemies.
 p - a +4 ring of protection (on tentacle)
 s - a +6 ring of dexterity (on tentacle)
 t - the ring "Ijiamp" (left tentacle) {rF+ rCorr Str+7 Dex-5 SInv}
   (You bought it in a shop on level 2 of the Orcish Mines)

   [ring of see invisible]

   Str:       It affects your strength (+7).
   Dex:       It affects your dexterity (-5).
   rF:        It protects you from fire.
   SInv:      It lets you see invisible.
   rCorr:     It protects you from acid and corrosion.
 E - a +6 ring of dexterity (on tentacle)
 H - a ring of protection from cold
 L - the brooch of Shielding (around mantle) {Spirit SH+8}
   (You found it on level 1 of the Swamp)

   [amulet of guardian spirit]

   It causes incoming damage to be divided between your reserves of health and
   magic.
   SH:        It affects your SH (+8).
 O - a ring of poison resistance (on tentacle)
 P - a ring of wizardry
 R - a +6 ring of dexterity (on tentacle)
 S - a +6 ring of dexterity
 U - a +4 ring of protection (on tentacle)
 W - the ring "Bomesavo" (right tentacle) {rF++ EV+5 Int+3}
   (You found it on level 4 of the Lair of Beasts)

   [ring of evasion]

   EV:        It affects your evasion (+5).
   Int:       It affects your intelligence (+3).
   rF:        It greatly protects you from fire.
Wands
 i - a wand of roots (8)
 I - a wand of charming (30)
 K - a wand of quicksilver (2)
 N - a wand of polymorph (10)
Scrolls
 j - a scroll of silence
 n - 19 scrolls of identify
 o - 3 scrolls of amnesia
 G - 3 scrolls of fear
 J - 5 scrolls of teleportation
 Q - 4 scrolls of fog
 T - a scroll of poison
 V - a scroll of magic mapping
Potions
 a - 2 potions of ambrosia
 d - 15 potions of curing
 e - 2 potions of berserk rage
 f - 5 potions of lignification
 g - 5 potions of might
 q - 2 potions of flight
 u - 6 potions of brilliance
 w - a potion of mutation
 x - 5 potions of magic
 z - 2 potions of invisibility
 A - 5 potions of haste
Miscellaneous
 B - a lightning rod (4/4)
 C - a phantom mirror
 X - a condenser vane


   Skills:
 + Level 12.2 Fighting
 + Level 12.2 Short Blades
 - Level 6.0 Throwing
 + Level 12.0 Dodging
 + Level 21.2 Stealth
 + Level 7.4 Shields
 - Level 5.0 Spellcasting
 + Level 11.3 Summonings
 + Level 3.4 Translocations
 - Level 10.0 Invocations
 - Level 5.0 Evocations


You had 13 spell levels left.
You knew the following spells:

 Your Spells              Type           Power      Damage    Failure   Level
a - Call Canine Familiar  Summ           52%        N/A       1%          3
b - Summon Hydra          Summ           26%        N/A       91%         7
c - Blink                 Tloc           38%        N/A       10%         2

Your spell library contained the following spells:

 Spells                   Type           Power      Damage    Failure   Level
 Lesser Beckoning         Tloc           38%        N/A       10%         2
 Momentum Strike          Conj/Tloc      24%        3d8       21%         2
 Foxfire                  Conj/Fire      20%        2x1d5     26%         1
 Kiss of Death            Conj/Necr      20%        2d7       26%         1
 Sandblast                Erth           10%        2d5       26%         1
 Shock                    Conj/Air       20%        1d4       26%         1
 Summon Forest            Summ/Tloc      18%        N/A       36%         5
 Passwall                 Tmut/Erth      4%         N/A       38%         2
 Searing Ray              Conj           10%        2d4       38%         2
 Static Discharge         Conj/Air       10%        2-3/arc   38%         2
 Portal Projectile        Hex/Tloc       24%        N/A       38%         3
 Confusing Touch          Hex            5%         N/A       63%         3
 Inner Flame              Hex/Fire       5%         N/A       63%         3
 Stone Arrow              Conj/Erth      10%        3d7       63%         3
 Swiftness                Air            5%         N/A       63%         3
 Airstrike                Air            2%         2d(1-17)  95%         4
 Dispel Undead            Necr           5%         3d7       95%         4
 Flame Wave               Conj/Fire      5%         2d5       95%         4
 Leda's Liquefaction      Hex/Erth       2%         N/A       95%         4
 Petrify                  Tmut/Erth      5%         N/A       95%         4
 Sticky Flame             Conj/Fire      5%         2d3       95%         4
 Alistair's Intoxication  Tmut/Pois      3%         N/A       100%        5
 Fireball                 Conj/Fire      2%         3d4       100%        5
 Metabolic Englaciation   Hex/Ice        2%         N/A       100%        5
 Eringya's Noxious Bog    Tmut/Pois      2%         N/A       100%        6
 Starburst                Conj/Fire      2%         6d3       100%        6
 Statue Form              Tmut/Erth      3%         N/A       100%        6


Dungeon Overview and Level Annotations

Branches:
Dungeon (15/15)            Temple (1/1) D:6            Lair (5/5) D:11
  Swamp (2/4) Lair:3       Spider (0/4) Lair:2        Slime (0/5) Lair:4
    Orc (2/2) D:12            Elf (0/3) Orc:2        Vaults (0/5) D:14
 Depths (0/4) D:15

Altars:
Ashenzari
Cheibriados
Dithmenos
Elyvilon
Fedhas
Gozag
Hepliaklqana
Kikubaaqudgha
Makhleb
Nemelex Xobeh
Okawaru
Qazlal
Ru
Sif Muna
Trog
Uskayaw
Vehumet
Wu Jian
Xom
Yredelemnul
Zin
The Shining One

Shops:
D:5 =   D:12 (   D:14 =[   Orc:2 =[?!:

Annotations:
D:13 2 transporters, jasper's ghost, journeyman DsVM
Orc:2 exclusion: oklob plant


Innate Abilities, Weirdness & Mutations

You cannot wear most types of armour.
You are amphibious.
You can wear up to eight rings at the same time.
Your skin changes colour to match your surroundings (Stealth+).
Your rubbery body absorbs attacks. (AC +1, EV +1)
((You are camouflaged when in or above water. (Stealth+)))
You have tentacles for arms and can constrict up to eight enemies at once.


Message History

The spriggan rider completely misses you.
You hit the alligator.
You feel better.
You squeeze the alligator, but do no damage.
The alligator is severely wounded.
You block the alligator's attack. x2; The bog body touches you!
The bog body freezes you!!
You puncture the alligator!
You feel better.
You squeeze the alligator, but do no damage.
The alligator is almost dead.
You block the spriggan rider's attack. The alligator bites you!!
The alligator completely misses you.
You closely miss the alligator.
The alligator is severely wounded.
You block the bog body's attack.
The spriggan rider hits you from afar with a +0 spear!
You block the alligator's attack. The alligator tail-slaps you.
You hit the alligator but do no damage. You squeeze the alligator.
The alligator is almost dead.
The bog body completely misses you. You block the alligator's attack. x2
The spriggan rider misses you.
You hit the alligator but do no damage.
The alligator is almost dead.
You block the alligator's attack. x2; The bog body barely misses you.
The spriggan rider misses you.
You hit the alligator.
You squeeze the alligator, but do no damage.
The alligator is almost dead.
The alligator misses you. The alligator barely misses you.
The bog body touches you. The bog body freezes you!
You puncture the alligator!
You feel better.
You kill the alligator!
You block the spriggan rider's attack.
You puncture the bog body! You grab the bog body. You squeeze the bog body.
The bog body is moderately damaged.
You constrict the bog body. The bog body touches you!
The bog body freezes you!!
* * * LOW HITPOINT WARNING * * *
The spriggan rider hits you from afar with a +0 spear!!
You die...
Your body glows with a rainbow of weird colours and disappears.

~~~~.~~..............§.§
.~~~.~~~...♣..~~~~..~.~
§~~~§§~[.~♣~..~~§~~.~♣ .
~.~~..†..~~~..~~~.~~.♣§~
....♣♣♣..~~..§~~†~§~.~..
...♣♣ ♣♣.....~~~~~~~.♣.
.~~♣ ♣♣...~†~~~~..♣..♣
♣~♣♣ ♣...~~~~~...♣..♣
♣♣♣ ♣....~~~@.....♣
♣~§~..i..n...♣♣
♣.~~~~~~~/§..♣♣
♣...~~~~~....~~~
♣~.~§~~~~~.♣♣~...§.
♣~§~~~~~~.§♣ ♣..~~♣
~§~~... ♣.~.~ .~.....
...~


You could see a spriggan rider and a bog body.

Vanquished Creatures
  Jorgrun (D:13)
  Gastronok (Lair:3)
  A spriggan defender (Swamp:1)
  A stone giant (D:15)
  2 eleionomae (Swamp:2)
  A bunyip (Swamp:1)
  The ghost of superbruh the Severer, a journeyman HOFi of Hepliaklqana (Swamp:1)
  A dire elephant (Lair:4)
  An entropy weaver (shapeshifter) (D:14)
  An ice dragon (D:14)
  5 vault guards (D:14)
  10 hydras
  4 ogre magi
  Erolcha (D:13)
  A catoblepas (D:13)
  8 centaur warriors
  3 boulder beetles
  7 alligators
  4 two-headed ogres
  A spriggan berserker (Swamp:1)
  4 tengu warriors
  An orc high priest (Orc:1)
  Amaemon (Lair:1)
  2 fire crabs (Lair:4)
  2 goliath frogs
  2 bog bodies (Swamp:1)
  3 spriggan druids (Swamp:1)
  Lodul (D:12)
  A swamp dragon (Swamp:1)
  A wizard (D:14)
  An orc knight (Orc:1)
  A deep elf pyromancer (D:13)
  A lindwurm (Lair:4)
  8 orc sorcerers (Orc:2)
  9 ugly things
  3 wolf spiders
  A moth of wrath (Swamp:1)
  5 cyclopes
  11 black mambas
  3 manticores
  5 elephants
  A guardian serpent (Lair:5)
  An ice statue (D:14)
  A black mamba (shapeshifter) (D:15)
  An orange demon (Lair:1)
  2 gargoyles
  12 cane toads
  3 rime drakes
  A torpor snail (Lair:5)
  7 komodo dragons
  An efreet (D:15)
  A yaktaur (D:14)
  2 kobold demonologists
  16 polar bears
  7 trolls
  2 tyrant leeches
  A meliai (Lair:2)
  11 hornets
  18 blink frogs
  3 raiju (Lair:5)
  15 slime creatures
  A vampire (D:11)
  12 wyverns
  11 spriggans (Swamp:1)
  A shadow (D:9)
  64 yaks
  A wraith (D:9)
  Grum (D:8)
  4 steam dragons
  6 basilisks
  A human (D:14)
  17 vampire mosquitoes
  3 redbacks (Lair:5)
  4 swamp worms
  7 wargs
  2 acid dragons
  23 water moccasins
  12 hell hounds (Lair:5)
  3 swamp drakes
  2 sky beasts
  9 ice beasts
  25 orc warriors
  14 black bears
  25 wolves
  18 ogres
  14 centaurs
  2 phantoms (D:5)
  20 bullfrogs
  8 kobold brigands
  2 necrophages
  3 gnoll sergeants
  10 scorpions
  7 wights
  17 killer bees
  7 howler monkeys
  5 hounds
  5 jellies
  A gnoll bouda (D:7)
  9 orc priests
  An iron imp (D:3)
  Natasha (twice) (D:4)
  Terence (D:3)
  4 iguanas
  32 orc wizards
  5 hell rats (D:11)
  6 adders
  12 gnolls
  A river rat (D:11)
  A shadow imp (D:3)
  3 white imps
  2 worms
  6 dart slugs
  68 orcs
  12 endoplasms
  6 giant cockroaches
  8 goblins
  3 hobgoblins
  4 jackals (D:2)
  4 quokkas
  2 ball pythons (D:2)
  4 bats
  A frilled lizard (D:3)
  30 kobolds
  11 rats
832 creatures vanquished.

Vanquished Creatures (collateral kills)
  A spriggan (Swamp:1)
1 creature vanquished.

Vanquished Creatures (others)
  A tengu conjurer (D:13)
  A vampire mosquito (D:9)
  2 swamp worms (Swamp:1)
  An orc wizard (Orc:2)
  An orc (Orc:2)
  A bush (Lair:5)
  42 fungi
  59 plants
108 creatures vanquished.

Grand Total: 941 creatures vanquished

Notes
Turn   | Place    | Note
-------+----------+-------------------------------------------
     0 | D:1      | voltaire321 the Octopode Brigand began the quest for the
                  | Orb.
     0 | D:1      | Reached XP level 1. HP: 14/14 MP: 1/1
   341 | D:1      | Reached XP level 2. HP: 19/19 MP: 2/2
   772 | D:2      | Reached XP level 3. HP: 24/24 MP: 3/3
  1370 | D:3      | Found an ornate altar of the Wu Jian Council.
  1377 | D:3      | Noticed a black bear
  1392 | D:3      | Killed a black bear
  1393 | D:3      | Reached skill level 6 in Stealth
  1393 | D:3      | Reached XP level 4. HP: 26/30 MP: 4/4
  1393 | D:3      | Reached XP level 5. HP: 31/36 MP: 5/5
  1454 | D:3      | Noticed Terence
  1488 | D:3      | Killed Terence
  1536 | D:3      | Found a faded altar of an unknown god.
  1618 | D:3      | Learned a level 3 spell: Call Canine Familiar
  2030 | D:3      | Found an ancient bone altar of Kikubaaqudgha.
  2134 | D:3      | Found a snail-covered altar of Cheibriados.
  2499 | D:4      | Reached XP level 6. HP: 32/42 MP: 6/6
  2665 | D:4      | Reached skill level 1 in Summonings
  2814 | D:4      | Reached skill level 1 in Spellcasting
  3298 | D:4      | Noticed Natasha
  3301 | D:4      | Killed Natasha
  3330 | D:4      | Noticed Natasha
  3338 | D:4      | Killed Natasha
  3339 | D:4      | Reached XP level 7. HP: 35/46 MP: 8/8
  3400 | D:5      | Entered Level 5 of the Dungeon
  3415 | D:5      | Found a radiant altar of Vehumet.
  3548 | D:5      | Reached skill level 7 in Stealth
  3635 | D:5      | Found Ecaolef's Jewellery Emporium.
  3914 | D:5      | Reached XP level 8. HP: 53/54 MP: 9/11
  4757 | D:5      | Reached skill level 8 in Stealth
  4817 | D:6      | Found a staircase to the Ecumenical Temple.
  4824 | Temple   | Entered the Ecumenical Temple
  5063 | D:6      | Reached XP level 9. HP: 60/60 MP: 12/12
  5109 | D:6      | Reached skill level 5 in Short Blades
  5115 | D:6      | Reached skill level 5 in Fighting
  5115 | D:6      | Reached skill level 5 in Throwing
  5679 | D:7      | Reached skill level 9 in Stealth
  5911 | D:7      | Reached skill level 5 in Dodging
  6120 | D:7      | Identified the +2 robe of the Trilobite {*Slow rC+ Int+5}
  6121 | D:7      | Found a glowing golden altar of the Shining One.
  6876 | D:8      | Reached XP level 10. HP: 67/68 MP: 13/13
  6937 | D:8      | Noticed Grum
  7119 | D:7      | Reached skill level 5 in Summonings
  7253 | D:8      | Killed Grum
  7302 | D:8      | Reached skill level 10 in Stealth
  8830 | D:9      | Reached XP level 11. HP: 75/75 MP: 16/16
  8978 | D:9      | Reached skill level 11 in Stealth
  8978 | D:9      | Noticed a centaur warrior
  8980 | D:9      | Noticed a cyan ugly thing
  9179 | D:9      | Killed a cyan ugly thing
  9197 | D:9      | Killed a centaur warrior
  9198 | D:9      | Noticed a centaur warrior
  9221 | D:9      | Killed a centaur warrior
  9333 | D:9      | Noticed a two-headed ogre
  9359 | D:9      | Killed a two-headed ogre
 10199 | D:10     | Entered Level 10 of the Dungeon
 10249 | D:10     | Noticed a two-headed ogre
 10290 | D:10     | Reached skill level 12 in Stealth
 10311 | D:10     | Killed a two-headed ogre
 10602 | D:10     | Found a sparkling altar of Nemelex Xobeh.
 10602 | D:10     | Noticed a two-headed ogre
 10605 | D:10     | Found a sacrificial altar of Ru.
 10641 | D:10     | Killed a two-headed ogre
 10749 | D:10     | Became a worshipper of Nemelex Xobeh the Trickster
 10848 | D:5      | Bought a ring of poison resistance for 220 gold pieces
 10848 | D:5      | Bought a ring of wizardry for 330 gold pieces
 11071 | D:10     | You fall into a shaft and drop 1 floor!
 11084 | D:11     | Noticed a boulder beetle
 11162 | D:10     | Found a glowing silver altar of Zin.
 11436 | D:11     | Noticed a death yak
 11462 | D:11     | Noticed a sun demon
 11503 | D:11     | Reached skill level 1 in Invocations
 11503 | D:11     | Reached XP level 12. HP: 47/83 MP: 18/18
 11987 | D:11     | Noticed a death yak
 12000 | D:11     | Noticed a death yak
 12225 | D:11     | Found a staircase to the Lair.
 12315 | D:11     | Killed a boulder beetle
 12316 | D:11     | Reached skill level 13 in Stealth
 12817 | Lair:1   | Entered Level 1 of the Lair of Beasts
 13090 | Lair:1   | Reached skill level 5 in Spellcasting
 13384 | Lair:1   | Noticed Amaemon
 13498 | Lair:1   | Killed Amaemon
 13804 | Lair:1   | Reached skill level 14 in Stealth
 13942 | Lair:1   | You fall into a shaft and drop 1 floor!
 13980 | Lair:2   | Reached * piety under Nemelex Xobeh
 15137 | Lair:2   | Identified the +4 ring mail of the Tick {-Tele Regen+
                  | Str+4}
 15695 | Lair:2   | Found a hole to the Spider Nest.
 15845 | Lair:2   | Received a gift from Nemelex Xobeh
 15879 | Lair:2   | Reached XP level 13. HP: 49/90 MP: 20/20
 16067 | Lair:2   | Reached skill level 15 in Stealth
 16608 | Lair:3   | Reached ** piety under Nemelex Xobeh
 16872 | Lair:3   | Reached skill level 5 in Invocations
 17123 | Lair:3   | Received a gift from Nemelex Xobeh
 17142 | Lair:3   | Noticed Gastronok
 17166 | Lair:3   | Killed Gastronok
 17236 | Lair:3   | Found a staircase to the Swamp.
 17914 | Lair:4   | Found a staircase to the Slime Pits.
 18063 | Lair:4   | Received a gift from Nemelex Xobeh
 18126 | Lair:4   | Reached skill level 16 in Stealth
 18879 | Lair:4   | Noticed a dire elephant
 18994 | Lair:4   | Killed a dire elephant
 18995 | Lair:4   | Reached skill level 10 in Fighting
 19128 | Lair:4   | Reached skill level 10 in Short Blades
 19317 | Lair:4   | Reached *** piety under Nemelex Xobeh
 19651 | Lair:4   | Identified the ring "Bomesavo" {rF++ EV+5 Int+3}
 19839 | Lair:5   | Entered Level 5 of the Lair of Beasts
 20149 | Lair:4   | Reached skill level 17 in Stealth
 20156 | Lair:4   | Reached skill level 10 in Dodging
 20156 | Lair:4   | Reached XP level 14. HP: 52/99 MP: 21/21
 21334 | Lair:5   | Received a gift from Nemelex Xobeh
 21404 | Lair:5   | Identified the +1 scale mail "Xofawuosk" {Dex+5 Stlth+}
 21555 | Lair:5   | Reached skill level 10 in Summonings
 21671 | Lair:5   | Reached skill level 18 in Stealth
 21674 | Lair:5   | Identified the +5 rapier "Hydrabane" {vamp, Stlth+}
 21793 | Lair:5   | Reached skill level 1 in Shields
 22103 | Lair:5   | Got the Commentary on Degeneration and the Discharge
 22411 | Lair:5   | Reached **** piety under Nemelex Xobeh
 22753 | Lair:5   | Received a gift from Nemelex Xobeh
 22990 | D:12     | Found Menun's Weapon Shoppe.
 23173 | D:12     | Noticed Lodul
 23195 | D:12     | Reached XP level 15. HP: 106/106 MP: 22/22
 23202 | D:12     | Killed Lodul
 23386 | D:12     | Reached skill level 19 in Stealth
 23634 | D:12     | Received a gift from Nemelex Xobeh
 23805 | D:12     | Found a staircase to the Orcish Mines.
 23886 | Orc:1    | Entered Level 1 of the Orcish Mines
 23970 | Orc:1    | Received a gift from Nemelex Xobeh
 24232 | Orc:2    | Entered Level 2 of the Orcish Mines
 24241 | Orc:2    | Found Fuxeom's Jewellery Shop.
 24358 | Orc:2    | Received a gift from Nemelex Xobeh
 24373 | Orc:1    | Reached skill level 1 in Evocations
 24438 | Orc:1    | Reached skill level 5 in Shields
 24515 | Orc:1    | Reached ***** piety under Nemelex Xobeh
 24781 | Orc:2    | Received a gift from Nemelex Xobeh
 24782 | Orc:2    | Found Diesoad's Antique Armour Boutique.
 24790 | Orc:2    | Paralysed by an orc sorcerer for 4 turns
 24829 | Orc:2    | Found a radiant altar of Vehumet.
 24830 | Orc:2    | Paralysed by an orc sorcerer for 4 turns
 25021 | Orc:2    | Found Vaser's Book Shop.
 25044 | Orc:2    | Paralysed by an ogre mage for 3 turns
 25071 | Orc:2    | Paralysed by an ogre mage for 3 turns
 25286 | Orc:2    | Paralysed by an orc sorcerer for 4 turns
 25501 | Orc:2    | Found an ancient bone altar of Kikubaaqudgha.
 25534 | Orc:2    | Found Ilecudeano's Magic Scroll Shop.
 25542 | Orc:2    | Paralysed by an ogre mage for 2 turns
 25551 | Orc:2    | Found Yjaop's Distillery.
 25576 | Orc:2    | Bought a potion of ambrosia for 80 gold pieces
 25576 | Orc:2    | Bought 2 potions of heal wounds for 100 gold pieces
 25585 | Orc:2    | Bought a scroll of teleportation for 45 gold pieces
 25585 | Orc:2    | Bought a scroll of teleportation for 45 gold pieces
 25585 | Orc:2    | Bought a scroll of blinking for 112 gold pieces
 25627 | Orc:2    | Bought a Fen Folio for 546 gold pieces
 25656 | Orc:2    | Found a staircase to the Elven Halls.
 25877 | Orc:2    | Bought the amulet of the Sky {Spirit Rampage rC+ Dex+3} for
                  | 653 gold pieces
 25877 | Orc:2    | Bought the ring "Ijiamp" {rF+ rCorr Str+7 Dex-5 SInv} for
                  | 504 gold pieces
 25989 | D:13     | Learned a level 7 spell: Summon Hydra
 26194 | D:13     | Found a transporter.
 26194 | D:13     | Noticed jasper's ghost (journeyman DsVM)
 26198 | D:13     | Found a transporter.
 26494 | D:13     | Received a gift from Nemelex Xobeh
 26565 | D:13     | Noticed Jorgrun
 26577 | D:13     | Killed Jorgrun
 26844 | D:13     | Noticed Erolcha
 26846 | D:13     | Killed Erolcha
 26997 | D:14     | Found Xammeoc's Antique Armour Boutique.
 27011 | D:14     | Identified the +1 scale mail "Motivvek" {Slay+3}
 27024 | D:14     | Found Xocymeun's Jewellery Shoppe.
 27135 | D:14     | Reached skill level 20 in Stealth
 27521 | D:14     | Learned a level 2 spell: Blink
 27558 | D:14     | Reached XP level 16. HP: 114/114 MP: 23/23
 27634 | D:14     | Found a gate to the Vaults.
 27645 | D:14     | Reached skill level 1 in Translocations
 27730 | D:15     | Entered Level 15 of the Dungeon
 27750 | D:15     | Found a bloodstained altar of Trog.
 27758 | D:15     | Received a gift from Nemelex Xobeh
 28118 | D:15     | Received a gift from Nemelex Xobeh
 28173 | D:15     | Found a staircase to the Depths.
 28596 | Swamp:1  | Entered Level 1 of the Swamp
 28632 | Swamp:1  | Found a transporter.
 28638 | Swamp:1  | Found a bloodstained altar of Trog.
 28638 | Swamp:1  | Found the brooch of Shielding {Spirit SH+8}
 28639 | Swamp:1  | Found a transporter.
 28665 | Swamp:1  | Noticed superbruh's ghost (journeyman HOFi)
 28710 | Swamp:1  | Killed superbruh's ghost
 28714 | Swamp:1  | Paralysed by a hornet for 1 turns
 29460 | Swamp:1  | Reached skill level 21 in Stealth
 29498 | Swamp:1  | Received a gift from Nemelex Xobeh
 29530 | Swamp:1  | Reached skill level 5 in Evocations
 29931 | Swamp:2  | Reached skill level 10 in Invocations
 30087 | Swamp:2  | Slain by a spriggan rider

Illustrated notes

Levels and vault maps discovered:
D:1:      minmay_arrival_five_plusses, layout_basic
D:2:      layout_basic
D:3:      layout_basic, slow_altar_2, nicolae_kikubaaqudgha_miasma_corner,
          nicolae_wu_jian_wuxing_cycle, shapermc_ecumenical_altar_gd,
          uniq_terence
D:4:      layout_basic, minmay_unequal, uniq_natasha
D:5:      layout_loops_corners, nicolae_overflow_crystal_walls, serial_shops,
          nicolae_shop_hallway_plus
D:6:      layout_rooms, minmay_temple_entry_hall, serial_corexii_hall,
          corexii_hall_statues_x, corexii_hall_statues_s
D:7:      layout_basic, lemuel_crystal_altar
D:8:      layout_gridville, st_stairs_12, eino_jars, uniq_grum
D:9:      minmay_the_grid_3x3 [minmay_the_grid_broken_lines,
          minmay_the_grid_gridbox, minmay_the_grid_all_tris,
          minmay_the_grid_medium_cups, minmay_the_grid_dragon_b,
          minmay_the_grid_plusring, minmay_the_grid_box_x, minmay_the_grid_tree,
          minmay_the_grid_prize_inner_circle], layout_basic
D:10:     layout_loops_cross, zin_statuary, gammafunk_temple_overflow_pools,
          grunt_decor_one_mirror
D:11:     layout_rooms, dpeg_lair_monsters
D:12:     layout_roguey, erik_orc_1, serial_shops,
          nicolae_shop_competitors_out_of_business, nicolae_wwwww, uniq_lodul
D:13:     layout_roguey [special_room_orc], gammafunk_ghost_smash,
          minmay_between, uniq_jorgrun, uniq_erolcha
D:14:     layout_rooms, grunt_vaults_entry_fortified, serial_shops, shop, shop,
          ice2_lemuel
D:15:     grunt_enter_depths_snipers, layout_irregular_city, bloody_trog,
          patterned_corridor
Temple:   eino_temple_lava
Lair:1:   layout_cave_pods, uniq_amaemon
Lair:2:   layout_long_grid, hellmonk_spider_entry_not_the_bees, uniq_sonja
Lair:3:   layout_cave_pods, minmay_swamp_entry_swarm, grunt_megastairs_3,
          uniq_gastronok
Lair:4:   layout_regular_city, nicolae_slime_entry_slimehenge,
          nicolae_lair_lakeside_cave
Lair:5:   hangedman_lair_caniforms_friends, layout_regular_city,
          hangedman_lair_tendril_chambers, chequers_serial_rivers_room_b,
          infiniplex_staircase_pool, grunt_megastairs_5
Swamp:1:  layout_falls_marsh, gammafunk_ghost_wrathful_warriors,
          evilmike_swamp_ruin_rubble_1, nicolae_swamp_baby_hydras
Swamp:2:  gammafunk_worm_tunnel, layout_basic_swamp,
          evilmike_swamp_ruin_house_5, swamp_pool3, uniq_nikola
Orc:1:    layout_caves, nicolae_orc_stony_grotto
Orc:2:    kennysheep_orc_mage_school, layout_caves, serial_shops,
          nicolae_square_shop, mines3_lemuel

Skill      XL: |  1  2  3  4  5  6  7  8  9 10 11 12 13 14 15 16 |
---------------+-------------------------------------------------+-----
Dodging        | 2 3 4 5 6 7 8 10 11 12 | 12.0
Stealth        | 6 7 8 9 10 12 14 17 18 20 21 | 21.2
Fighting       | 3 4 6 7 8 9 10 11 12 | 12.2
Short Blades   | 3 4 6 7 8 9 10 11 12 | 12.2
Throwing       | 3 4 5 6 |  6.0
Summonings     | 1 2 3 4 5 7 8 9 10 11 | 11.3
Spellcasting   | 1 2 3 4 5 |  5.0
Invocations    | 1 4 6 8 9 10 | 10.0
Shields        | 3 6 7 |  7.4
Evocations     | 3 5 |  5.0
Translocations | 3 |  3.4

Action                     |  1- 3 |  4- 6 |  7- 9 | 10-12 | 13-15 | 16-18 || total
---------------------------+-------+-------+-------+-------+-------+-------++-------
  Melee: Dagger            |    58 |    78 |   207 |   437 |   682 |       ||  1462
         Constrict         |    17 |    21 |    42 |    78 |   182 |    31 ||   371
         Tentacles         |     8 |    17 |    61 |   238 |   608 |   145 ||  1077
         Punch             |     1 |     2 |     3 |    18 |    35 |     9 ||    68
         Short sword       |       |       |       |   297 |       |       ||   297
         Rapier            |       |       |       |       |  1040 |   399 ||  1439
  Throw: Dart              |    18 |    48 |   111 |   171 |    95 |     5 ||   448
         Javelin           |       |       |       |     6 |       |       ||     6
         Boomerang         |       |       |       |    14 |    49 |     1 ||    64
   Cast: Call Canine Famil |       |       |       |     1 |     2 |       ||     3
 Invoke: Triple Draw       |       |       |       |       |       |     1 ||     1
  Evoke: Wand              |       |       |       |     2 |       |     6 ||     8
    Use: Scroll            |       |     5 |     8 |    12 |     7 |     4 ||    36
         Potion            |       |       |       |     4 |     2 |     6 ||    12
   Stab: Sleeping          |    10 |     4 |     5 |    11 |    62 |    23 ||   115
         Distracted        |       |       |       |     1 |    10 |     3 ||    14
         Petrified         |       |       |       |       |     1 |       ||     1
         Confused          |       |       |       |       |       |     3 ||     3
 Armour: Skin              |     1 |     9 |    28 |   105 |   217 |    35 ||   395
  Dodge: Dodged            |    38 |    32 |   137 |   533 |  1612 |   313 ||  2665
  Block: Kite shield       |       |       |       |       |   767 |   318 ||  1085
         Reflection        |       |       |       |       |    14 |     4 ||    18

Table legend: (Time is in decaauts)
 A = Elapsed time spent in this place.
 B = Non-inter-level travel time spent in this place.
 C = Inter-level travel time spent in this place.
 D = Time resting spent in this place.
 E = Time spent auto-exploring this place.
 F = Levels seen in this place.
 G = Mean time per level.
                   A        B        C        D        E       F      G
               +--------+--------+--------+--------+--------+-----+--------+
         Total |  29068 |  27611 |   1457 |   7263 |  12042 |  25 | 1162.7 |
       Dungeon |  16087 |  15174 |    913 |   3012 |   7493 |  15 | 1072.5 |
        Temple |     48 |     48 |      0 |      0 |     22 |   1 |   48.0 |
          Lair |   9901 |   9489 |    412 |   3600 |   3395 |   5 | 1980.2 |
         Swamp |   1144 |   1110 |     34 |    265 |    348 |   2 |  572.0 |
  Orcish Mines |   1885 |   1788 |     97 |    386 |    784 |   2 |  942.5 |
               +--------+--------+--------+--------+--------+-----+--------+

Top non-repeatable levels by time:
  Lair:4: 2303 daAuts
  Lair:5: 2191 daAuts
  Lair:1: 2102 daAuts
     D:9: 1919 daAuts
  Lair:3: 1771 daAuts
     D:8: 1703 daAuts
  Lair:2: 1532 daAuts
    D:10: 1464 daAuts
     D:5: 1239 daAuts
   Orc:2: 1200 daAuts
     D:4: 1196 daAuts
     D:7: 1069 daAuts
    D:11: 1044 daAuts
    D:13: 1033 daAuts
    D:12: 1018 daAuts
